 Dungeon Crawl Stone Soup version 0.20.1-1-g8b1a95d (webtiles) character file.

51 Inarius the Chiller (level 3, 0/28 HPs)
             Began as a Demigod Ice Elementalist on Dec 26, 2017.
             Slain by Crazy Yiuf
             ... wielding a +4 quarterstaff of chaos
              (13 damage)
             ... on level 2 of the Dungeon.
             The game lasted 00:05:00 (1715 turns).

Inarius the Chiller (Demigod Ice Elementalist)      Turns: 1715, Time: 00:05:00

Health: 0/28       AC:  8    Str: 11    XL:     3   Next: 38%
Magic:  1/9        EV: 12    Int: 21    God:
Gold:   49         SH:  0    Dex: 16    Spells: 0/6 levels left

rFire    x . .     SeeInvis .   p - +0 short sword
rCold    + . .     Gourm    .   (no shield)
rNeg     . . .     Faith    .   a - +0 robe
rPois    .         Spirit   .   (no helmet)
rElec    .         Reflect  .   (no cloak)
rCorr    .         Harm     .   (no gloves)
MR       +....                  (no boots)
Stlth    ++........             (no amulet)
Regen    0.1/turn               f - ring of protection from magic
MPRegen  0.2/turn               o - ring of ice

@: lethally poisoned (0 -> -11), icy armour, flying, drained, slow
A: high mp 1
a: no special abilities


You were on level 2 of the Dungeon.
You were not hungry.

You visited 1 branch of the dungeon, and saw 2 of its levels.

You collected 49 gold pieces.

Inventory:

Hand Weapons
 p - a +0 short sword (weapon)
Armour
 a - a +0 robe (worn)
Jewellery
 f - a ring of protection from magic (left hand)
 o - a ring of ice (right hand)
Scrolls
 e - 3 scrolls of amnesia {unknown}
 i - a scroll of magic mapping {unknown}
 j - a scroll of recharging {unknown}
 l - a scroll of blinking {unknown}
 n - a scroll of identify {unknown}
Books
 b - a book of Frost

   Spells                             Type                      Level
   a - Freeze                         Ice                          1
   b - Throw Frost                    Conjuration/Ice              2
   c - Ozocubu's Armour               Charms/Ice                   3
   d - Throw Icicle                   Conjuration/Ice              4
   e - Summon Ice Beast               Ice/Summoning                4
Comestibles
 c - a bread ration
 g - a royal jelly
 h - 4 fruits
 m - 5 chunks of flesh


   Skills:
 * Level 1.1(0.9) Fighting
 + Level 1.8(1.5) Dodging
 - Level 1.7(1.4) Stealth
 + Level 2.4(2.1) Spellcasting
 + Level 0.8(0.5) Conjurations
 + Level 3.3(3.1) Ice Magic


You couldn't memorise any spells.
You knew the following spells:

 Your Spells              Type           Power        Failure   Level  Hunger
a - Freeze                Ice            ###.         4%          1    #......
b - Throw Frost           Conj/Ice       ##....       11%         2    ##.....
c - Ozocubu's Armour      Chrm/Ice       ##......     22%         3    ###....


Dungeon Overview and Level Annotations

Branches:
Dungeon (2/15)

Annotations:
D:2 Crazy Yiuf


Innate Abilities, Weirdness & Mutations

You have an increased reservoir of magic. (+10% MP)


Message History

Crazy Yiuf closely misses you.
You closely miss Crazy Yiuf.
Crazy Yiuf is heavily wounded.
Crazy Yiuf barely misses you.
Some of the chunks of flesh in your inventory have rotted away.
You barely miss Crazy Yiuf.
Crazy Yiuf is heavily wounded.
Crazy Yiuf hits you with a quarterstaff of chaos.
You are poisoned.
You barely miss Crazy Yiuf.
Crazy Yiuf is heavily wounded.
You feel sick.
Crazy Yiuf waves his quarterstaff at you.
Crazy Yiuf hits you with a quarterstaff of chaos.
You feel drained.
It was a potion of flight.
You feel very buoyant.
You fly up into the air.
Crazy Yiuf hits you with a quarterstaff of chaos!
You die...

#......#
#.##...###### #.#
##....÷... #.#
#.#####.. #.# #.#
#.# #.# #.# #.#
#.##♣♣ ###
##.#####.#
##.#.P♣♣ ♣♣#..)#
#.......#.
#.....P♣♣♣♣@g...#
#...##....
#.....P.♣..♣#...#
#...##.#.#
#..#...♣.♣♣♣ ###
#.........
##.##♣♣♣♣♣
#..###.#.. #.#
#### #.... #.##
###.# #.># ###...
#..# # #.....
##.###..# #.#...


You could see Crazy Yiuf.

Vanquished Creatures
  A worm (D:2)
  2 dart slugs (D:1)
  3 leopard geckos (D:1)
  2 giant cockroaches (D:2)
  6 goblins
  2 hobgoblins (D:1)
  7 jackals (D:2)
  4 kobolds
  4 bats
  5 frilled lizards
  3 rats
39 creatures vanquished.

Notes
Turn   | Place    | Note
-------+----------+-------------------------------------------
     0 | D:1      | Inarius the Demigod Ice Elementalist began the quest for the Orb.
     0 | D:1      | Reached XP level 1. HP: 14/14 MP: 5/5
   120 | D:1      | Reached skill level 3 in Ice Magic
   321 | D:1      | Reached XP level 2. HP: 13/22 MP: 4/7
   328 | D:1      | Learned a level 2 spell: Throw Frost
  1319 | D:2      | Reached skill level 1 in Fighting
  1324 | D:2      | Reached XP level 3. HP: 23/28 MP: 1/8
  1329 | D:2      | Learned a level 3 spell: Ozocubu's Armour
  1702 | D:2      | Found a runed door.
  1707 | D:2      | Noticed Crazy Yiuf
  1715 | D:2      | Slain by Crazy Yiuf

Skill      XL: |  1  2 |
---------------+-------+-----
Ice Magic      | 3 |  3.3
Spellcasting   | 2 |  2.4
Fighting       | 1 |  1.1
Dodging        | |  1.8
Stealth        | |  1.7
Conjurations   | |  0.8

Action                   || total
-------------------------++-------
Melee: Club              ||    49
       Short sword       ||     8
 Cast: Freeze            ||    48
       Throw Frost       ||     6
       Ozocubu's Armour  ||     1
  Use: Potion            ||     1
 Stab: Sleeping          ||     3
  Eat: Chunk             ||     3
Armor: Robe              ||    23
Dodge: Dodged            ||    66
